 Dungeon Crawl Stone Soup version 0.30-a0-4-ga7cffc901d (webtiles) character file.

Game seed: 2834683948301762338

91 runemasterragnar the Changer (level 4, -4/52 HPs)
             Began as a Draconian Transmuter on Aug 21, 2022.
             Was a Follower of Okawaru.
             Slain by a gnoll
             ... wielding a +0 trident
              (5 damage)
             ... on level 2 of the Dungeon.
             The game lasted 00:03:22 (1568 turns).

runemasterragnar the Changer (Draconian Transmuter) Turns: 1568, Time: 00:03:23

Health: -4/52      AC: 22    Str: 14    XL:     4   Next: 34%
Magic:  2/8        EV:  2    Int: 14    God:    Okawaru [*.....]
Gold:   124        SH:  0    Dex: 11    Spells: 6/9 levels left

rFire   . . .      SeeInvis .      - Unarmed
rCold   . . .      Faith    .    (no shield)
rNeg    . . .      Spirit   .    (body armour unavailable)
rPois   +          Reflect  .    (helmet currently unavailable)
rElec   .          Harm     .    (cloak currently unavailable)
rCorr   .          Rampage  .    (gloves currently unavailable)
Will    .....      NoTele   +    (boots currently unavailable)
Stlth   +++.......               (no amulet)
HPRegen 0.17/turn                (no ring)
MPRegen 0.11/turn                (no ring)

@: tree-form, heroic, wereblooded (expiring)
A: stationary, stasis, torment immunity, boosted hp, AC +5, unfitting armour,
(cold-blooded)
a: Renounce Religion, Heroism


You were on level 2 of the Dungeon.
You worshipped Okawaru.
Okawaru was aware of your devotion.
You were a tree.
You visited 1 branch of the dungeon, and saw 2 of its levels.

You collected 124 gold pieces.

Inventory:

Scrolls
 b - a scroll of torment {unknown}
 d - a scroll of brand weapon {unknown}
 e - 4 scrolls of identify {unknown}
 f - a scroll of amnesia {unknown}


   Skills:
 - Level 1.1(6.1) Fighting
 - Level 1.7(6.7) Dodging
 - Level 3.0(8.0) Unarmed Combat
 + Level 3.1 Spellcasting
 + Level 3.7 Transmutations


You had 6 spell levels left.
You knew the following spells:

 Your Spells              Type           Power      Damage    Failure   Level
a - Beastly Appendage     Tmut           24%        N/A       4%          1
b - Wereblood             Tmut           12%        N/A       7%          2

Your spell library contained the following spells:

 Spells                   Type           Power      Damage    Failure   Level
 Magic Dart               Conj           8%         1d3       22%         1
 Spider Form              Tmut/Pois      7%         N/A       28%         3
 Mephitic Cloud           Conj/Pois/Air  2%         N/A       54%         3
 Ice Form                 Ice/Tmut       7%         N/A       67%         4
 Call Imp                 Summ           Unusable   N/A       N/A         2

Dungeon Overview and Level Annotations

Branches:
Dungeon (2/15)

Altars:
Okawaru


Innate Abilities, Weirdness & Mutations

You are a tree.
Your roots penetrate the ground, keeping you stationary.
You cannot be teleported.
You are immune to unholy pain and torment.
Your maximum health is greatly increased.
Your equipment is partially melded.
((Your plain brown scales are hard. (AC +5)))
You cannot fit into any form of body armour.
((You are cold-blooded and may be slowed by cold attacks.))


Message History

You gain the combat prowess of a mighty hero.
You feel sick.
The gnoll hits you but does no damage. x2
The gnoll throws a throwing net.
The throwing net hits you.
You become entangled in the net!
The giant cockroach bites you but does no damage.
You struggle against the net.
You feel sick.
The gnoll hits you from afar with a +0 spear.
* * * LOW HITPOINT WARNING * * *
The gnoll hits you from afar with a +0 trident!
* * * LOW HITPOINT WARNING * * *
The giant cockroach bites you but does no damage.
The gnoll hits you but does no damage.
You tear a large gash into the net.
You feel sick.
You are no longer poisoned.
The giant cockroach bites you but does no damage.
The gnoll hits you but does no damage.
The gnoll hits you from afar with a +0 trident.
* * * LOW HITPOINT WARNING * * *
The gnoll hits you but does no damage.
You shred the net and break free!
The giant cockroach bites you but does no damage.
The gnoll hits you but does no damage. The gnoll barely misses you.
The gnoll throws a throwing net.
The throwing net hits you.
You become entangled in the net!
Unknown command.
You struggle against the net.
Your primal bloodlust is almost over.
The giant cockroach bites you but does no damage.
The gnoll completely misses you.
The gnoll hits you but does no damage. x2
The giant cockroach barely misses you.
Unknown command.
You tear a large gash into the net.
The gnoll hits you but does no damage.
The gnoll hits you from afar with a +0 trident.
* * * LOW HITPOINT WARNING * * *
The gnoll hits you but does no damage.
The giant cockroach bites you but does no damage.
Unknown command.
You rip the net and break free!
The gnoll hits you but does no damage.
The gnoll hits you from afar with a +0 trident.
You die...

.......# .......#
.......# .......#
.......# ###...##
#...#
#...###############.##
#............)♣)gg....
#...####......B)g.....
###.# .......#.g.....
#.# ######. .......
#.# #. ..!.... #.# ##
#...... #.# ###### #.#


You could see 4 gnolls and a giant cockroach.

Vanquished Creatures
  Robin (D:2)
  3 adders (D:2)
  2 dart slugs (D:1)
  4 endoplasms (D:1)
  3 giant cockroaches
  5 hobgoblins
  4 kobolds (D:1)
  2 quokkas
  A ball python (D:2)
  2 bats
  3 frilled lizards
  14 goblins
  2 rats
46 creatures vanquished.

Notes
Turn   | Place    | Note
-------+----------+-------------------------------------------
     0 | D:1      | runemasterragnar the Draconian Transmuter began the quest
                  | for the Orb.
     0 | D:1      | Reached XP level 1. HP: 16/16 MP: 3/3
   199 | D:1      | Reached XP level 2. HP: 19/23 MP: 3/5
   736 | D:1      | Found a faded altar of an unknown god.
   861 | D:1      | Prayed at the altar of an unknown god.
   861 | D:1      | Became a worshipper of Warmaster Okawaru
   861 | D:1      | Reached * piety under Okawaru
  1107 | D:2      | Reached XP level 3. HP: 28/28 MP: 4/6
  1317 | D:2      | Learned a level 2 spell: Wereblood
  1522 | D:2      | Noticed Robin
  1531 | D:2      | Reached XP level 4. HP: 35/35 MP: 3/8
  1559 | D:2      | Killed Robin
  1567 | D:2      | HP: 1/52 [gnoll/+0 trident (2)]
  1568 | D:2      | Slain by a gnoll

Illustrated notes

Levels and vault maps discovered:
D:1:      lightli_arrival_noodles, layout_basic,
          shapermc_ecumenical_altar_hornbeckon, dk_noncrumbling_2,
          chequers_garden
D:2:      layout_basic, serial_shops, nicolae_square_shop, uniq_robin

Skill      XL: |  1  2  3  4 |
---------------+-------------+-----
Transmutations | 3 |  3.7
Spellcasting   | 3 |  3.1
Fighting       | |  1.1
Dodging        | |  1.7
Unarmed Combat | |  3.0

Action                   |  1- 3 |  4- 6 || total
-------------------------+-------+-------++-------
Melee: Unarmed           |    89 |    26 ||   115
       Punch             |     3 |       ||     3
       Headbutt          |    17 |       ||    17
       Kick              |     8 |     2 ||    10
       Tailslap          |     4 |       ||     4
 Cast: Beastly Appendage |    19 |     1 ||    20
       Wereblood         |     2 |     1 ||     3
Invok: Heroism           |     1 |     1 ||     2
  Use: Potion            |       |     2 ||     2
Armor: Skin              |    27 |    82 ||   109
Dodge: Dodged            |    47 |    23 ||    70

Table legend: (Time is in decaauts)
 A = Elapsed time spent in this place.
 B = Non-inter-level travel time spent in this place.
 C = Inter-level travel time spent in this place.
 D = Time resting spent in this place.
 E = Time spent auto-exploring this place.
 F = Levels seen in this place.
 G = Mean time per level.
                   A        B        C        D        E       F      G
               +--------+--------+--------+--------+--------+-----+--------+
         Total |   1581 |   1525 |     56 |    118 |   1138 |   2 |  790.5 |
       Dungeon |   1581 |   1525 |     56 |    118 |   1138 |   2 |  790.5 |
               +--------+--------+--------+--------+--------+-----+--------+

Top non-repeatable levels by time:
     D:1: 1213 daAuts
     D:2: 368 daAuts
